 Dungeon Crawl Stone Soup version 0.29.1-15-g9cfb28693d (webtiles) character file.

Game seed: 4301466590173996048

18291 CabbageHands the Fencer (level 12, -3/85 HPs)
             Began as a Demonspawn Berserker on Apr 8, 2023.
             Was a High Priest of Trog.
             Succumbed to Donald's poison
             ... on level 1 of the Orcish Mines.
             The game lasted 00:39:10 (12321 turns).

CabbageHands the Fencer (Demonspawn Berserker)     Turns: 12321, Time: 00:39:11

Health: -3/85      AC: 14    Str: 20    XL:     12   Next: 26%
Magic:  12/12      EV: 14    Int:  9    God:    Trog [*****.]
Gold:   2105       SH:  0    Dex: 19    Spells: 11/11 levels left

rFire   . . .      SeeInvis .   D - +9 great sword (vamp)
rCold   + . .      Faith    .   (shield currently unavailable)
rNeg    . . .      Spirit   .   C - +5 ring mail of the Tick {rElec Dex+4}
rPois   .          Reflect  .   f - +0 helmet
rElec   +          Harm     .   (no cloak)
rCorr   .          Rampage  .   (gloves unavailable)
Will    +....                   (no boots)
Stlth   +.........              (no amulet)
HPRegen 0.24/turn               t - ring of the Establishment {rC+ Will+}
MPRegen 0.13/turn               z - +4 ring of slaying

@: lethally poisoned (-3 -> -32), on berserk cooldown, slowed, very slow
A: thin metallic scales 1, augmentation 1, demonic magic 3, demonic touch 3
a: Renounce Religion, Berserk, Trog's Hand, Brothers in Arms


You were on level 1 of the Orcish Mines.
You worshipped Trog.
Trog was extremely pleased with you.
You visited 2 branches of the dungeon, and saw 13 of its levels.
You also visited: Sewer.

You collected 2105 gold pieces.

Inventory:

Hand Weapons
 a - a +1 falchion of freezing
 x - a +0 long sword
 D - a +9 vampiric great sword (weapon)
Missiles
 h - 35 poisoned darts (quivered)
 G - 2 throwing nets
Armour
 f - a +0 helmet (worn)
 C - the +5 ring mail of the Tick (worn) {rElec Dex+4}
   (You found it on level 3 of the Dungeon)

   Dex:       It affects your dexterity (+4).
   rElec:     It insulates you from electricity.
 K - a +1 hat
Jewellery
 g - a ring of see invisible
 l - an amulet of magic regeneration
 n - a +6 ring of strength
 t - the ring of the Establishment (left hand) {rC+ Will+}
   (You found it on level 8 of the Dungeon)

   [ring of protection from cold]

   rC:        It protects you from cold.
   Will:      It increases your willpower.
 z - a +4 ring of slaying (right hand)
Wands
 b - a wand of roots (8)
 y - a wand of flame (32)
 I - a wand of acid (3)
Scrolls
 c - 3 scrolls of amnesia
 d - a scroll of enchant armour
 e - 5 scrolls of teleportation
 j - a scroll of noise
 k - 5 scrolls of vulnerability
 o - 2 scrolls of magic mapping
 A - a scroll of fear
 F - a scroll of silence
 J - 2 scrolls of enchant weapon
Potions
 i - 2 potions of brilliance
 m - 6 potions of curing
 q - 3 potions of heal wounds
 r - a potion of might
 s - 3 potions of haste
 u - a potion of invisibility {unknown}
 v - 2 potions of magic
 w - 4 potions of lignification
 B - 3 potions of flight
 E - a potion of berserk rage
 H - 3 potions of attraction


   Skills:
 + Level 4.8 Fighting
 * Level 15.0 Long Blades
 - Level 6.3 Armour
 - Level 5.2 Dodging
 - Level 8.0 Evocations


You had 11 spell levels left.
You didn't know any spells.
Your spell library was empty.

Dungeon Overview and Level Annotations

Branches:
Dungeon (11/15)            Temple (0/1) D:7            Lair (0/5) D:11
    Orc (2/2) D:11            Elf (0/3) Orc:2         Sewer (visited)

Altars:
Dithmenos
Fedhas
Gozag
Kikubaaqudgha
Makhleb
Vehumet
Wu Jian
Xom

Shops:
D:8 *   Orc:2 [(

Annotations:
Orc:2 Donald


Innate Abilities, Weirdness & Mutations

You are partially covered in thin metallic scales. (AC +2)
Your magical and physical power is slightly enhanced at high health.
Spells you cast and wands you use may paralyse nearby enemies.
Your touch may irresistibly damage your foes and sap their willpower.


Message History

The orc priest hits you but does no damage.
The orc priest hits your ogre with a +0 hand axe.
Your ogre hits the orc priest with a +0 giant club!
Donald hits you from afar with a +2 demon trident of venom!!
You are more poisoned.
You hear a shout!
You barely miss the orc.
You feel very sick.
Donald hits you from afar with a +2 demon trident of venom!!
* * * LOW HITPOINT WARNING * * *
You are more poisoned.
The orc hits you but does no damage. The orc completely misses you.
The orc hits you but does no damage. The orc priest closely misses you.
The orc priest hits your ogre with a +0 hand axe.
The orc hits you but does no damage.
You are too berserk!
* * * LOW HITPOINT WARNING * * *
You feel extremely sick.
Your ogre hits the orc priest with a +0 giant club!!
The orc priest dies!
Trog accepts your kill. Donald completely misses you.
You climb upwards.
You feel an oppressive heat about you.
There is an entrance to a volcano on this level.
Hurry and find it before the entrance collapses!
You hear the brisk rumble of a very distant avalanche of rocks.
You feel a strong urge to attack something.
* * * LOW HITPOINT WARNING * * *
You feel extremely sick.
There is a stone staircase leading down here.
Okay, then.
* * * LOW HITPOINT WARNING * * *
You feel very sick. The orc hits you but does no damage.
The orc warrior hits you but does no damage.
The orc barely misses you. The orc closely misses you. The orc misses you.
You feel your anger nearly subside.
You are no longer berserk.
You are exhausted.
You feel yourself slow down.
You die...

*** ### *#.######.##
**...#....o.## ***
**,#.....o@o..##*,**
*,,......oo....#,,.*
**,##.........##,.#*
*##..........#...#*
##...........#..#.**
##.................,*
#....).............**
##................#*
##<##.#.........##


You could see an orc warrior and 4 orcs.

Vanquished Creatures
  4 two-headed ogres
  3 death yaks (D:11)
  An orc high priest (Orc:2)
  A sixfirhy (D:11)
  2 orc knights
  An ugly thing (D:11)
  3 orc sorcerers (Orc:2)
  A cyclops (D:11)
  Joseph (D:8)
  A komodo dragon (D:7)
  A kobold demonologist (D:11)
  A troll (Orc:1)
  Prince Ribbit (D:6)
  A shadow (D:10)
  A vampire (D:9)
  A wyvern (D:9)
  20 yaks
  2 steam dragons
  An acid dragon (D:11)
  Duvessa (D:6)
  10 orc warriors
  2 black bears
  2 sky beasts
  5 centaurs
  5 ogres
  2 phantoms
  3 kobold brigands
  7 bullfrogs
  2 necrophages
  5 scorpions
  5 wights
  Dowan (D:6)
  3 killer bees (D:6)
  5 howler monkeys
  7 orc priests
  2 hounds
  8 orc wizards
  4 iguanas
  3 hell rats (D:11)
  13 gnolls
  2 river rats
  13 adders
  A shadow imp (D:8)
  A white imp (D:5)
  An ufetubus (D:5)
  3 worms
  4 dart slugs
  53 orcs
  13 ball pythons
  11 endoplasms
  13 giant cockroaches
  4 goblins
  10 hobgoblins
  4 jackals (D:3)
  10 kobolds
  12 quokkas
  11 bats
  17 frilled lizards
  12 rats
337 creatures vanquished.

Vanquished Creatures (collateral kills)
  2 orc warriors (Orc:2)
  An orc priest (Orc:2)
  2 orc wizards (Orc:2)
  3 orcs (Orc:2)
8 creatures vanquished.

Vanquished Creatures (others)
  A human (D:4)
  2 orc priests (Orc:2)
  4 fungi (D:8)
  A plant (D:8)
8 creatures vanquished.

Grand Total: 353 creatures vanquished

Notes
Turn   | Place    | Note
-------+----------+-------------------------------------------
     0 | D:1      | CabbageHands the Demonspawn Berserker began the quest for
                  | the Orb.
     0 | D:1      | Reached XP level 1. HP: 18/18 MP: 1/1
   142 | D:1      | Reached skill level 3 in Long Blades
   263 | D:1      | Gained mutation: You are partially covered in thin metallic
                  | scales. (AC +2) [demonic ancestry]
   263 | D:1      | Reached XP level 2. HP: 23/24 MP: 2/2
   772 | D:2      | Reached XP level 3. HP: 28/29 MP: 3/3
   806 | D:2      | Reached ** piety under Trog
  1532 | D:3      | Reached skill level 4 in Long Blades
  1532 | D:3      | Gained mutation: Your touch may inflict minor irresistible
                  | damage on your foes. [demonic ancestry]
  1532 | D:3      | Reached XP level 4. HP: 16/35 MP: 4/4
  1911 | D:3      | You fall into a shaft and drop 3 floors!
  1996 | D:6      | Gained mutation: Spells you cast may paralyse adjacent
                  | enemies. [demonic ancestry]
  1996 | D:6      | Reached XP level 5. HP: 25/41 MP: 5/5
  2034 | D:6      | Noticed Duvessa
  2035 | D:6      | Noticed Prince Ribbit
  2124 | D:5      | Entered Level 5 of the Dungeon
  2124 | D:5      | Found an opulent altar of Gozag.
  2124 | D:5      | Found a radiant altar of Vehumet.
  2162 | D:6      | Noticed Dowan
  2163 | D:6      | Killed Duvessa
  2164 | D:6      | Reached skill level 5 in Long Blades
  2164 | D:6      | Gained mutation: Your touch may inflict irresistible damage
                  | on your foes. [demonic ancestry]
  2164 | D:6      | Reached XP level 6. HP: 41/47 MP: 6/6
  2178 | D:6      | Killed Prince Ribbit
  2179 | D:6      | Reached skill level 6 in Long Blades
  2182 | D:6      | Killed Dowan
  2183 | D:6      | Gained mutation: Spells you cast may paralyse nearby
                  | enemies. [demonic ancestry]
  2183 | D:6      | Reached XP level 7. HP: 34/52 MP: 7/7
  2370 | D:6      | Reached skill level 7 in Long Blades
  2433 | D:6      | Found a glowing drain.
  2457 | Sewer    | Entered a sewer
  2868 | Sewer    | Reached *** piety under Trog
  3099 | Sewer    | Reached skill level 1 in Evocations
  3109 | Sewer    | Reached XP level 8. HP: 56/58 MP: 8/8
  3244 | D:6      | Identified the +6 flail "Bohu" {drain, *Slow Fly Int+5
                  | Dex+7}
  3735 | D:4      | Found a blossoming altar of Fedhas.
  3735 | D:4      | Found a shadowy altar of Dithmenos.
  3780 | D:4      | Reached skill level 8 in Long Blades
  4025 | D:4      | Found an ancient bone altar of Kikubaaqudgha.
  4358 | D:3      | Reached **** piety under Trog
  4378 | D:3      | Identified the +5 ring mail of the Tick {rElec Dex+4}
  4523 | D:3      | Found a faded altar of an unknown god.
  5286 | D:7      | Noticed a komodo dragon
  5339 | D:6      | Reached skill level 5 in Armour
  5523 | D:6      | Identified a scroll of acquirement
  5523 | D:6      | Acquired 424 gold pieces
  5728 | D:7      | Killed a komodo dragon
  5729 | D:7      | Reached skill level 9 in Long Blades
  5729 | D:7      | Gained mutation: Your touch may irresistibly damage your
                  | foes and sap their willpower. [demonic ancestry]
  5729 | D:7      | Reached XP level 9. HP: 31/63 MP: 9/9
  6296 | D:7      | Found a staircase to the Ecumenical Temple.
  6961 | D:7      | Reached skill level 10 in Long Blades
  7348 | D:8      | Identified the ring of the Establishment {rC+ Will+}
  7356 | D:8      | Acquired 1037 gold pieces
  7484 | D:8      | Found a shimmering altar of Xom.
  7610 | D:8      | Noticed Joseph
  7624 | D:8      | Killed Joseph
  7722 | D:8      | Gained mutation: Your magical and physical power is
                  | slightly enhanced at high health. [demonic ancestry]
  7722 | D:8      | Reached XP level 10. HP: 70/70 MP: 10/10
  7736 | D:8      | Reached skill level 5 in Dodging
  7845 | D:8      | Found Ruheg's Elemental Accessories.
  8154 | D:9      | Noticed a two-headed ogre
  8161 | D:9      | Killed a two-headed ogre
  8161 | D:9      | Reached ***** piety under Trog
  8162 | D:9      | Reached skill level 11 in Long Blades
  8331 | D:9      | Noticed a two-headed ogre
  8346 | D:9      | Killed a two-headed ogre
  8599 | D:9      | Found an ornate altar of the Wu Jian Council.
  8965 | D:9      | Reached skill level 12 in Long Blades
  9096 | D:9      | Reached skill level 5 in Evocations
  9346 | D:9      | Noticed a two-headed ogre
  9354 | D:9      | Killed a two-headed ogre
  9653 | D:10     | Entered Level 10 of the Dungeon
  9728 | D:10     | Gained mutation: Spells you cast and wands you use may
                  | paralyse nearby enemies. [demonic ancestry]
  9728 | D:10     | Reached XP level 11. HP: 62/75 MP: 11/11
 10230 | D:10     | Received a gift from Trog
 10581 | D:11     | Found a staircase to the Orcish Mines.
 10583 | D:11     | Noticed an orc knight
 10589 | D:11     | Noticed an orc knight
 10594 | D:11     | Killed an orc knight
 10595 | D:11     | Reached skill level 13 in Long Blades
 10614 | D:10     | Killed an orc knight
 10776 | D:11     | Noticed a two-headed ogre
 10789 | D:11     | Killed a two-headed ogre
 11074 | D:11     | Noticed a death yak
 11080 | D:11     | Killed a death yak
 11082 | D:11     | Found a staircase to the Lair.
 11082 | D:11     | Noticed a death yak
 11082 | D:11     | Noticed a death yak
 11090 | D:11     | Killed a death yak
 11115 | D:11     | Killed a death yak
 11116 | D:11     | Reached skill level 14 in Long Blades
 11519 | D:11     | Found a runed translucent door.
 11520 | D:11     | Found a burning altar of Makhleb.
 11520 | D:11     | Noticed a sixfirhy
 11526 | D:11     | Killed a sixfirhy
 11743 | D:11     | Noticed a red ugly thing
 11753 | D:11     | Killed a red ugly thing
 12114 | Orc:1    | Entered Level 1 of the Orcish Mines
 12125 | Orc:1    | You fall into a shaft and drop 1 floor!
 12125 | Orc:2    | Entered Level 2 of the Orcish Mines
 12125 | Orc:2    | Noticed an orc high priest
 12127 | Orc:2    | Noticed an orc sorcerer
 12131 | Orc:2    | Killed an orc high priest
 12132 | Orc:2    | Reached XP level 12. HP: 83/83 MP: 12/12
 12137 | Orc:2    | Noticed an orc warlord
 12150 | Orc:2    | Noticed an orc high priest
 12154 | Orc:2    | Found Voupn's Antique Armour Boutique.
 12154 | Orc:2    | Found Hefy's Antique Weapon Boutique.
 12154 | Orc:2    | Noticed an orc high priest
 12154 | Orc:2    | Noticed an orc high priest
 12308 | Orc:2    | Noticed Donald
 12311 | Orc:2    | Reached skill level 15 in Long Blades
 12319 | Orc:1    | HP: 6/127 [poisoned by Donald]
 12320 | Orc:1    | HP: 1/127 [poisoned by Donald]
 12321 | Orc:1    | Succumbed to Donald's poison

Illustrated notes

Levels and vault maps discovered:
D:1:      dpeg_arrival_round_b, layout_loops_ring, st_stairs_6
D:2:      layout_loops_ring
D:3:      kennysheep_big_flooded_room, layout_basic,
          hellmonk_ecumenical_altar_defaced_shrine
D:4:      layout_gridville, tgw_kikubaaqudgha, nicolae_overflow_two_pavilions
D:5:      layout_basic, nicolae_overflow_hidden_temple
D:6:      layout_basic, portal_sewer_entry_b, hangedman_decor_peaks_small,
          amcnicky_mini_rare_corridor_liquid, uniq_duvessa, uniq_prince_ribbit1
D:7:      layout_cave_pods, minmay_temple_entry_statues_pillars,
          hangedman_decor_growths
D:8:      old_forge, layout_loops_ring, marbit_many_paths, grunt_ogre_cave,
          st_stairs_12, nicolae_elemental_shop, uniq_joseph
D:9:      layout_stronghold, mainiacjoe_overflow_tiny_flanked
D:10:     layout_basic, blue_anna_alchemist
D:11:     layout_gridville, dpeg_lair_monsters, david_orc_5,
          nzn_makhleb_speed_demon
Orc:1:    minmay_goldmine, layout_caves, nicolae_volcano_entry_two_sided,
          uniq_jorgrun
Orc:2:    st_orc_congregation, layout_caves, portal_ice_cave_entry_pillars_1,
          mines4_lemuel, uniq_urug, uniq_donald

Skill      XL: |  1  2  3  4  5  6  7  8  9 10 11 12 |
---------------+-------------------------------------+-----
Long Blades    | 3 4 5 6 7 9 10 12 14 15 | 15.0
Armour         | 2 3 4 5 6 |  6.3
Evocations     | 1 3 5 8 |  8.0
Dodging        | 3 4 5 |  5.2
Fighting       | 4 |  4.8

Action                   |  1- 3 |  4- 6 |  7- 9 | 10-12 || total
-------------------------+-------+-------+-------+-------++-------
Melee: Falchion          |   140 |    66 |   324 |       ||   530
       Punch             |     1 |       |     1 |       ||     2
       Touch             |       |    11 |    47 |       ||    58
       Great sword       |       |       |    42 |   298 ||   340
Throw: Dart              |     4 |     7 |     6 |     1 ||    18
Invok: Berserk           |       |     2 |     4 |     7 ||    13
       Trog's Hand       |       |     1 |       |     1 ||     2
       Brothers in Arms  |       |       |       |     2 ||     2
Evoke: Wand              |       |       |     3 |     9 ||    12
  Use: Scroll            |       |    11 |     9 |    15 ||    35
       Potion            |       |       |     1 |     2 ||     3
 Stab: Paralysed         |       |       |       |     2 ||     2
Armor: Animal skin       |     1 |       |       |       ||     1
       Ring mail         |    40 |       |    80 |   113 ||   233
       Scale mail        |    34 |    24 |    96 |       ||   154
Dodge: Dodged            |    86 |    21 |   210 |   270 ||   587
